Cogmind - Beta 10.1 @@@ ROGUE MODE // 2020.10.06 @ 15:36:28 Player: BOTHUNTER Result: Destroyed by Y-45 Defender with Beam Rifle Performance ------------- Evolutions (2) 1000 Regions Visited (5) 1000 Robots Destroyed (14) 70 Value Destroyed (186) 186 Prototype IDs (0) 0 Alien Tech Used (0) 0 Bonus (14) 14 TOTAL SCORE: 2270 Bonus ------- Follower Combat Kills 14 Cogmind --------- Core Integrity 0/550 Matter 250/300 Energy 9/100 System Corruption 0% Temperature Cool (9) Movement Flying (120) Ox1 Location -8/Materials Parts ------- > --- POWER (1) -------- (None) > --- PROPULSION (2) --- VTOL Module > --- UTILITY (6) ------ Small Storage Unit Advanced Visual Processing Unit Hacking Suite > --- WEAPON (2) ------- Mining Claw > --- INVENTORY (6) ---- VTOL Module System Shield Improved Trap Extractor EM Pulse Gun Peak State ------------ > --- POWER ------------ Light Deuterium Engine > --- PROPULSION ------- VTOL Module VTOL Module > --- UTILITY ---------- Small Storage Unit Weight Redist. System Advanced Weight Redist. System Advanced Visual Processing Unit > --- WEAPON ----------- Mining Claw > --- INVENTORY -------- VTOL Module Hacking Suite System Shield Improved Trap Extractor EM Pulse Gun [Rating: 18] Favorites ----------- Power Light Ion Engine Engine Light Ion Engine Propulsion VTOL Module Flight Unit VTOL Module Utility Small Storage Unit Device Weight Redist. System Storage Small Storage Unit Processor Advanced Visual Processing Unit Hackware Hacking Suite Protection Light Armor Plating Weapon Mining Claw Energy Gun Small Laser Ballistic Gun Light Assault Rifle Slashing Weapon Mining Claw Build | -11 -10 -10 -10 -9 -8 ------- Run | Scr Mat Min Exi Min Mat Slots Evolved 4 | . . . . . 4 Power . | . . . . . . Propulsion . | . . . . . . Utility 4 | . . . . . 4 Weapon . | . . . . . . Parts Attached 26 | 3 8 . . 3 12 Power 3 | . 1 . . 1 1 Engine 3 | . 1 . . 1 1 Core . | . . . . . . Reactor . | . . . . . . Propulsion 5 | . 2 . . . 3 Treads . | . . . . . . Leg . | . . . . . . Wheel . | . . . . . . Hover . | . . . . . . Flight 5 | . 2 . . . 3 Utility 9 | . 3 . . 1 5 Device 3 | . 1 . . . 2 Storage 1 | . 1 . . . . Processor 1 | . . . . . 1 Hackware 1 | . . . . . 1 Protection 3 | . 1 . . 1 1 Artifact . | . . . . . . Weapon 9 | 3 2 . . 1 3 Energy Gun 5 | 2 1 . . 1 1 Energy Cannon . | . . . . . . Ballistic Gun 1 | 1 . . . . . Ballistic Cannon . | . . . . . . Launcher . | . . . . . . Special Weapon . | . . . . . . Impact Weapon . | . . . . . . Slashing Weapon 3 | . 1 . . . 2 Piercing Weapon . | . . . . . . Special Melee Weapon . | . . . . . . Unidentified Prototypes . | . . . . . . Parts Lost 9 | . . . . . 9 Power 1 | . . . . . 1 Propulsion 3 | . . . . . 3 Utility 3 | . . . . . 3 Weapon 2 | . . . . . 2 Highest Loss Streak 5 | . . . . . 5 Average Slot Usage (%) 64 | . 76 71 71 71 50 Engine 1 | . 5 . . . 1 Flight 22 | . 26 28 28 28 13 Device 5 | . 2 . . . 13 Storage 11 | . 13 14 14 14 9 Processor 2 | . . . . . 6 Protection 8 | . 10 14 14 14 1 Energy Gun 1 | . 4 . . . . Slashing Weapon 9 | . 8 14 14 14 5 Naked Turns . | . . . . . . Heaviest Build 12 | 2 12 9 9 9 11 Greatest Support 16 | 3 16 10 10 10 12 Greatest Overweight (x) 1 | . 1 . . . 1 Average Overweight (x) . | . . . . . . Largest Inventory Capacity 6 | 4 6 6 6 6 6 Average Capacity 5 | 4 5 6 6 6 6 Most Carried 6 | 3 6 6 6 6 6 Average Carried 5 | 1 5 6 6 5 5 Final Capacity 6 | 4 6 6 6 6 6 Final Carried 6 | 3 6 6 6 6 4 Class Distribution -------------------- 100% | Mutant Dominant Class ---------------- Mutant | -10/Materials Mutant | -10/Mines Mutant | -10/Exiles Mutant | -9/Mines Mutant | -8/Materials Resources | -11 -10 -10 -10 -9 -8 ----------- Run | Scr Mat Min Exi Min Mat Matter Collected 375 | 101 178 31 . 20 45 Remotely . | . . . . . . Salvage Created 321 | . 128 28 . 56 109 Parts 30 | . 13 3 . 6 8 Haulers Intercepted 1 | . 1 . . . . Recyclers Shooed . | . . . . . . Parts Field Recycled . | . . . . . . Retrieved Matter . | . . . . . . Parts Self-Destructed . | . . . . . . Prevented . | . . . . . . Kills | -11 -10 -10 -10 -9 -8 ------- Run | Scr Mat Min Exi Min Mat Combat Hostiles Destroyed 7 | . . 1 . 3 3 Melee 4 | . . 1 . . 3 Guns 3 | . . . . 3 . Classes Destroyed 7 | . 4 2 . . 1 Worker 2 | . 1 . . . 1 Tunneler 1 | . . 1 . . . Hauler 1 | . 1 . . . . Operator 1 | . 1 . . . . Watcher 2 | . 2 . . . . Swarmer 6 | . . 1 . 3 2 Grunt 1 | . . . . . 1 Best Kill Streak 3 | . 2 2 . 3 2 Combat Bots Only 3 | . . 1 . 3 2 Max Kills in Single Turn 1 | . 1 1 . 1 1 Gunslinging . | . . . . . . Exploded . | . . . . . . Melee 1 | . . 1 . . 1 Uniques/NPCs Destroyed . | . . . . . . Combat | -11 -10 -10 -10 -9 -8 -------- Run | Scr Mat Min Exi Min Mat Damage Taken 1084 | . 11 . . 32 1041 Core 561 | . . . . . 561 Absorbed by Shields . | . . . . . . Core Remaining (%) 100 | 100 . . . 100 . Volleys Fired 4 | . 1 . . 3 . Largest 1 | . 1 . . 1 . Hottest 40 | . 40 . . 40 . Shots Fired 4 | . 1 . . 3 . Gun 4 | . 1 . . 3 . Cannon . | . . . . . . Launcher . | . . . . . . Special . | . . . . . . Kinetic . | . . . . . . Thermal . | . . . . . . Explosive . | . . . . . . Electromagnetic 4 | . 1 . . 3 . Robot Hit Streak 2 | . 1 . . 2 . Robot Miss Streak 1 | . . . . 1 . Penetration Max . | . . . . . . Secondary Targets . | . . . . . . Shots Hit Robots 25 | . 9 4 . 2 10 Core Hits 14 | . 5 2 . 3 4 Critical Hits 1 | . . . . . 1 Critical Kills . | . . . . . . Critical Parts Destroyed 1 | . . . . . 1 Melee Attacks 56 | . 18 5 . . 33 Impact . | . . . . . . Slashing 56 | . 18 5 . . 33 Piercing . | . . . . . . Sneak Attacks 7 | . 4 1 . . 2 Combat Hostiles 1 | . . . . . 1 Follow-up Attacks . | . . . . . . Damage Inflicted 1021 | . 494 148 . 37 342 Guns 61 | . 24 . . 37 . Cannons . | . . . . . . Explosions 44 | . 44 . . . . Melee 916 | . 426 148 . . 342 Ramming . | . . . . . . Kinetic . | . . . . . . Thermal 44 | . 44 . . . . Explosive . | . . . . . . Electromagnetic 61 | . 24 . . 37 . Impact . | . . . . . . Slashing 916 | . 426 148 . . 342 Piercing . | . . . . . . Highest Corruption . | . . . . . . Average Corruption . | . . . . . . Corruption Purged . | . . . . . . Overload Shots . | . . . . . . Overflow Damage 53 | . 35 8 . . 10 Projectiles . | . . . . . . Explosions . | . . . . . . Melee 53 | . 35 8 . . 10 Knockbacks . | . . . . . . Impact . | . . . . . . Kinetic . | . . . . . . Secondary . | . . . . . . Self-Inflicted Damage . | . . . . . . Shots . | . . . . . . Rammed . | . . . . . . Targets Rammed . | . . . . . . Kicked . | . . . . . . Crushed . | . . . . . . Highest Temperature 10 | . 10 . . . . Average Temperature 7 | . 7 . . . . Received Heat Transfer 267 | . 6 . . . 261 Siege Activations . | . . . . . . Robots Corrupted . | . . . . . . Combat Hostiles . | . . . . . . Parts Fried . | . . . . . . Impact Corruptions . | . . . . . . Robots Melted . | . . . . . . Combat Hostiles . | . . . . . . Parts Melted . | . . . . . . Heat Transferred . | . . . . . . Parts Sabotaged . | . . . . . . Parts Stolen . | . . . . . . Parts Stripped . | . . . . . . Power Chain Reactions 1 | . 1 . . . . Missiles Intercepted . | . . . . . . Alert | -11 -10 -10 -10 -9 -8 ------- Run | Scr Mat Min Exi Min Mat Peak Influence 170 | . 81 88 . 70 170 Initial 31 | . . 31 . . 27 Average 68 | . 38 45 . 68 92 Maximum Alert Level . | . . . . . . Low Security (%) 100 | 100 100 100 . 100 100 Level 1 . | . . . . . . Level 2 . | . . . . . . Level 3 . | . . . . . . Level 4 . | . . . . . . Level 5 . | . . . . . . High Security . | . . . . . . Max Security . | . . . . . . Squads Dispatched 4 | . 1 . . . 3 Investigation 1 | . . . . . 1 Extermination . | . . . . . . Reinforcement 3 | . 1 . . . 2 Assault . | . . . . . . Garrison . | . . . . . . Intercept . | . . . . . . Construction Impeded . | . . . . . . Haulers Reinforced . | . . . . . . Stealth | -11 -10 -10 -10 -9 -8 --------- Run | Scr Mat Min Exi Min Mat Distress Signals . | . . . . . . Communications Jammed . | . . . . . . Distress Signals . | . . . . . . Times Spotted 46 | . 4 3 . 3 36 Peak Tracking Total 16 | . 2 3 . 3 16 Tactical Retreats 9 | . 1 . . . 8 Traps | -11 -10 -10 -10 -9 -8 ------- Run | Scr Mat Min Exi Min Mat Traps Triggered 1 | . . . . 1 . Indirectly . | . . . . . . Trap Hack Attempts . | . . . . . . Triggered . | . . . . . . Disarmed . | . . . . . . Reprogrammed . | . . . . . . Reused . | . . . . . . Traps Extracted . | . . . . . . Installed . | . . . . . . Triggered . | . . . . . . Machines | -11 -10 -10 -10 -9 -8 ---------- Run | Scr Mat Min Exi Min Mat Machines Disabled 2 | . . . . . 2 Max in Single Turn 1 | . . . . . 1 Machines Sabotaged . | . . . . . . Garrisons Compromised . | . . . . . . Overloaded Fab Kills . | . . . . . . Fab Network Shutdowns . | . . . . . . Hacking | -11 -10 -10 -10 -9 -8 --------- Run | Scr Mat Min Exi Min Mat Machines Accessed 9 | . 2 . 1 1 5 Terminals 6 | . 2 . . . 4 Fabricators . | . . . . . . Repair Stations . | . . . . . . Recycling Units . | . . . . . . Scanalyzers 1 | . . . . . 1 Garrison Access . | . . . . . . Total Hacks 30 | . 9 . 1 1 19 Successful 16 | . 5 . 1 1 9 Failed 14 | . 4 . . . 10 Catastrophic 2 | . 1 . . . 1 Database Lockouts . | . . . . . . Manual 23 | . 9 . . . 14 Terminals 25 | . 9 . . . 16 Fabricators . | . . . . . . Repair Stations . | . . . . . . Recycling Units . | . . . . . . Scanalyzers 3 | . . . . . 3 Garrison Access . | . . . . . . Terminal Hacks 7 | . 3 . 1 1 2 Record 1 | . . . 1 . . Part Schematic 1 | . 1 . . . . Robot Analysis 3 | . 2 . . . 1 Open Door 1 | . . . . 1 . Scanalyzer Index 1 | . . . . . 1 Fabricator Hacks . | . . . . . . Repair Station Hacks . | . . . . . . Recycling Unit Hacks . | . . . . . . Scanalyzer 3 | . . . . . 3 Insert Component 2 | . . . . . 2 Analyze 1 | . . . . . 1 Garrison Access Hacks . | . . . . . . Unauthorized Hacks 6 | . 2 . . . 4 Terminals 6 | . 2 . . . 4 Track 3 | . 1 . . . 2 Botnet 3 | . 1 . . . 2 Fabricators . | . . . . . . Repair Stations . | . . . . . . Recycling Units . | . . . . . . Scanalyzers . | . . . . . . Garrison Access . | . . . . . . Data Cores Recovered . | . . . . . . Used . | . . . . . . Hacking Detections 6 | . 2 . . . 4 Full Trace Events 5 | . 1 . . . 4 Feedback Events . | . . . . . . Feedback Blocked . | . . . . . . Robot Schematics Acquired . | . . . . . . Robots Built . | . . . . . . Matter . | . . . . . . Time . | . . . . . . Total Robot Build Rating . | . . . . . . Part Schematics Acquired 2 | . 1 . . . 1 Parts Built . | . . . . . . Matter . | . . . . . . Time . | . . . . . . Total Part Build Rating . | . . . . . . Parts Repaired . | . . . . . . Time . | . . . . . . Parts Recycled . | . . . . . . Recycled Matter . | . . . . . . Retrieved Matter . | . . . . . . Retrieved Components . | . . . . . . Parts Scanalyzed 1 | . . . . . 1 Part Schematics Acquired 1 | . . . . . 1 Parts Damaged . | . . . . . . Bothacking | -11 -10 -10 -10 -9 -8 ------------ Run | Scr Mat Min Exi Min Mat Used RIF Installer . | . . . . . . Robots Hacked . | . . . . . . Non-combat . | . . . . . . Combat . | . . . . . . Robot Hacks Applied . | . . . . . . Relay Couplers Released . | . . . . . . Robots Rewired . | . . . . . . Allies Hacked . | . . . . . . Hacks Repelled . | . . . . . . Allies | -11 -10 -10 -10 -9 -8 -------- Run | Scr Mat Min Exi Min Mat Total Allies 1 | . . 1 . . . Largest Group 1 | . . 1 . . . Highest-Rated Group 31 | . . 31 . . . Highest-Rated Ally 31 | . . 31 . . . Total Orders . | . . . . . . Ally Attacks 6 | . . 6 . . . Total Damage 84 | . . 84 . . . Kills 2 | . . 2 . . . Allies Corrupted . | . . . . . . Allies Melted . | . . . . . . Intel | -11 -10 -10 -10 -9 -8 ------- Run | Scr Mat Min Exi Min Mat Robot Analysis Total 3 | . 2 . . . 1 Derelict Logs Recovered 1 | . . . . 1 . Drone Launches . | . . . . . . Drone Recoveries . | . . . . . . Exploration | -11 -10 -10 -10 -9 -8 ------------- Run | Scr Mat Min Exi Min Mat Turns Passed 1242 | 27 244 87 258 161 465 Spaces Moved 1496 | 41 290 136 367 179 483 Core 72 | 41 4 . . . 27 Treads . | . . . . . . Legs . | . . . . . . Wheels . | . . . . . . Hover . | . . . . . . Flight 1424 | . 286 136 367 179 456 Fastest Speed 37 | 50 37 37 37 37 37 Average Speed 38 | 50 37 37 37 37 41 Slowest Speed 120 | 50 117 37 37 37 120 Overloaded Moves . | . . . . . . Propulsion Burnouts . | . . . . . . Robots Hopped 16 | . 11 . . 1 4 Cave-ins Triggered . | . . . . . . Exploration Rate (%) 46 | 3 43 38 87 60 48 Regions Visited 5 Branch Regions 3 Pre-discovered Areas . | . . . . . . Known Exits Taken . | . . . . . . Unknown Exits Taken 5 | 1 1 1 1 1 . Scrap Searched 1 | . . . . 1 . Spaces Dug 17 | . 4 . . . 13 Terrain Destroyed 19 | . 6 . . . 13 Melee 17 | . 4 . . . 13 Projectile . | . . . . . . AOE 2 | . 2 . . . . Terrain Rammed . | . . . . . . Walls Destroyed . | . . . . . . Machines Disabled . | . . . . . . Actions | -11 -10 -10 -10 -9 -8 --------- Run | Scr Mat Min Exi Min Mat Total 2022 | 46 378 162 488 270 678 Wait 432 | . 58 22 122 81 149 Move 1466 | 40 273 135 366 176 476 Hop 9 | . 5 . . 1 3 Pick Up 14 | 2 8 . . 2 2 Fast Attach 14 | 3 3 . . 2 6 Attach 11 | . 4 . . 1 6 Detach 6 | 1 2 . . 1 2 Swap 1 | . 1 . . . . Drop 9 | . 5 . . 3 1 Fire 4 | . 1 . . 3 . Melee 56 | . 18 5 . . 33 Ram . | . . . . . . Kick . | . . . . . . Crush . | . . . . . . Escape Stasis . | . . . . . . Rewire . | . . . . . . Trap . | . . . . . . Miscellaneous . | . . . . . . Route ------- -11/Scrapyard -10/Materials (discovered 2 exits: [*Mat] / [*Min]) -10/Mines -10/Exiles (discovered 2 exits: *Min x2) -9/Mines -8/Materials (discovered 2 exits: *Fac x2) History --------- Turn | Location | Event 4 | -11/Scrapyard | Discovered new exit (range 15) 28 | -11/Scrapyard | Entered Materials 114 | -10/Materials | Discovered new exit (range 13) 237 | -10/Materials | Discovered new exit (range 12) 272 | -10/Materials | Entered Mines 311 | -10/Mines | Build established: Mutant 321 | -10/Mines | Received a Mining Laser from a helpful Derelict 358 | -10/Mines | Deemed a non-threat by the Exiles lab entrance 358 | -10/Mines | Discovered new exit (range 5) 359 | -10/Mines | Entered Exiles 359 | -10/Exiles | Found Exiles lab abandoned 364 | -10/Exiles | Discovered new exit (range 15) 613 | -10/Exiles | Discovered new exit (range 12) 617 | -10/Exiles | Entered Mines 699 | -9/Mines | Met a Derelict who couldn't figure out how to use a Trap Extractor 725 | -9/Mines | Learned location of 1 exit from Materials 771 | -9/Mines | Discovered new exit (range 8) 778 | -9/Mines | Entered Materials 778 | -8/Materials | Evolved 4 slots: Utility x4 779 | -8/Materials | Identified exit to Factory 1171 | -8/Materials | Discovered exit to Factory (range 20) 1212 | -8/Materials | Core integrity fell below 50% 1239 | -8/Materials | Core integrity fell below 20% 1243 | -8/Materials | Destroyed by Y-45 Defender with Beam Rifle Last Messages --------------- >>Scanalyze Scanning: Hacking Suite... Schematic downloaded. >>Insert(System Shield) Scanning System Shield... Ready to analyze. 01194_ S-10 Pest destroyed. 01201_ VTOL Module destroyed. 01207_ Acquired Flight Unit. 01208_ Acquired 20 matter. 01216_ Flight Unit destroyed. 01219_ Mining Claw destroyed. 01221_ Weight Redist. System destroyed. 01233_ Acquired Mining Claw. 01235_ C-30 ARC bursts open, deploying its payload. 01235_ G-50 Soldier unfolds itself. 01235_ G-47 Trooper unfolds itself. 01235_ Adv. Weight Redist. System destroyed. 01239_ C-30 ARC bursts open, deploying its payload. 01239_ S-10 Pest unfolds itself. Map ----- +----------------------------------------------------+ | "####+##### #???????# #???????????? | | ##?# #???????#########+######???????????? | | #??# k #????????????# #????????????? | | #??# #????????????# """ #????????????? | | #??########k #???????????## """ #????????????? | | ##????????# #???????????# """ #????????????? | | #????????# #???????????## """ #????????????? | | "##########t #????????????# """ #????????????? | | r #????????????# #????????????? | | w #????????????# "T" #????????????? | | #????????????# """ #????????????? | | ########### +????????????##########????????????? | | #?????????# #??????????????????????????????????? | | #?????????# ##########?????????????????????????? | | #?????????# # #?????????????????????????? | | #?????????# # #?????????????????????????? | | #?????????# # #?????????????????????????? | | #?????????# # #?????????????????????????? | | #?????????# + ##????????????????????????? | | #?????????# # !!! #????????????????????????? | | #?????????# # !! ##????????????????????????? | | ###+####### # !! #?????????????????????????? | | # #?????????????????????????? | | #######+#########+######???????????? | | ###??# sss #???????????? | | ###+######+#### ?# YY@ #???????????? | | #? ??? ?# ?# ###Y######### #???????????? | | ?? ""??#% # # #?# [! #??????????????? | | ? """?# # "" # #?# [! # ### #??????? | | ? """?# # Y" + #?# s "/% #??????? | | # # # "" # #?# # #??????? | | # ! # * # # #?# #???? #??????? | | #################### #?# #??????????????? | | ???????????# ! / #?# #??????????????? | | ???????????# "" # #?# #??????????????? | | ???????????# """# #?#####g#####??????????????? | | ???????????# % S"# #?????#Y#??????????????????? | | ???????????# * *" #?????#g#??????????????????? | | ???????????# ] # #?????# #??????????????????? | | ???????????# # ####### ##### #???????? | | ???????????######### #???????????? | | ???????????????????#/##############+##???????????? | | ??????????????????? ???????????????????????????? | | ???????????????????"" ???????????????????????????? | | ??????????????????""" ??????????????????????????? | | ??????????????????""" ??????????????????????????? | | ????????????????? ?????????????????????????? | | ?????????????????#######?????????????????????????? | | | | | +----------------------------------------------------+ Best States ------------- Heat Dissipation 31 Energy Generation 14 Energy Capacity 140 Matter Stores 300 Matter Capacity 300 Sight Range 20 Terrain Scan Density 10 Additional Mass Support 6 Armor Coverage 150 Evasion (%) 62 Item Schematics ----------------- Propulsion Shielding | -10/Materials | Hacked Hacking Suite | -8/Materials | Scanalyzed Robot Schematics ------------------ None Fabricated ------------ Nothing Alien Tech Used ----------------- None Achievements -------------- None Challenges ------------ None Game ------ Seed ShadePhaseInjector Manual? 0 Play Time 00:27:08 Cumulative 111.4 hours Start 2020.10.06 @ 15:08:05 End 2020.10.06 @ 15:36:28 Sessions 1 Manual Loads 0 Difficulty Rogue Special Mode None Game No. 166 Rogue 142 Adventurer 22 Explorer 2 Win Type - Total 1 Types 1/0/0/0/0/0/0/0/0 Lore% 49 Gallery% 53 Achievement% 43 Wizard Run 0 Options --------- ASCII 0 Keyboard 0 Movement Numpad Keybinds 0 Fullscreen 1 Font 14/SmallcapsGlow Map View 84x54 Tactical HUD 1 Map Filters NONE Filters NONE Steam 1 RUN: 3f16cd93-5dbe-433b-8bea-77513c339de8